 Dungeon Crawl Stone Soup version 0.21.1-1-g345015f (webtiles) character file.

64 pk666 the Magician (level 3, 0/19 HPs)
             Began as a Deep Elf Wizard on Feb 13, 2018.
             Slain by a gnoll
             ... wielding a +0 whip
              (11 damage)
             ... on level 2 of the Dungeon.
             The game lasted 00:03:44 (1884 turns).

pk666 the Magician (Deep Elf Wizard)                Turns: 1884, Time: 00:03:45

Health: 0/19       AC:  2    Str:  4    XL:     3   Next: 91%
Magic:  9/11       EV: 13    Int: 23    God:
Gold:   103        SH:  0    Dex: 13    Spells: 3/12 levels left

rFire    . . .     SeeInvis .   f - +0 dagger
rCold    . . .     Gourm    .   (no shield)
rNeg     . . .     Faith    .   a - +0 robe
rPois    .         Spirit   .   b - +0 hat
rElec    .         Reflect  .   (no cloak)
rCorr    .         Harm     .   (no gloves)
MR       .....                  (no boots)
Stlth    ++........             (no amulet)
HPRegen  0.06/turn              (no ring)
MPRegen  0.12/turn              (no ring)

@: no status effects
A: no striking features
a: no special abilities


You were on level 2 of the Dungeon.
You were not hungry.

You visited 1 branch of the dungeon, and saw 2 of its levels.

You collected 103 gold pieces.

Inventory:

Hand Weapons
 f - a +0 dagger (weapon)
Armour
 a - a +0 robe (worn)
 b - a +0 hat (worn)
Scrolls
 g - 4 scrolls of teleportation {unknown}
 h - a scroll of enchant weapon {unknown}
 i - a scroll of enchant armour {unknown}
 l - 2 scrolls of blinking {unknown}
 m - 2 scrolls of identify {unknown}
 n - a scroll of remove curse {unknown}
Potions
 e - a potion of brilliance {unknown}
 j - a potion of might {unknown}
 k - a potion of heal wounds {unknown}
Books
 c - a book of Minor Magic

   Spells                             Type                      Level
   a - Magic Dart                     Conjuration                  1
   b - Blink                          Translocation                2
   c - Call Imp                       Summoning                    2
   d - Slow                           Hexes                        2
   e - Conjure Flame                  Conjuration/Fire             3
   f - Mephitic Cloud                 Conjuration/Poison/Air       3
Comestibles
 d - 3 rations
 o - 3 chunks of flesh


   Skills:
 + Level 1.2 Short Blades
 + Level 3.1 Dodging
 - Level 2.4 Stealth
 + Level 5.0 Spellcasting
 + Level 2.0 Conjurations
   Level 1.1 Summonings
 - Level 1.1 Translocations
 * Level 0.5 Fire Magic
 * Level 1.0 Air Magic
 * Level 0.5 Poison Magic


You had 3 spell levels left.
You knew the following spells:

 Your Spells              Type           Power        Failure   Level  Hunger
a - Magic Dart            Conj           ###.         4%          1    None
b - Blink                 Tloc           N/A          9%          2    None
d - Conjure Flame         Conj/Fire      ##......     17%         3    ##.....
z - Mephitic Cloud        Conj/Pois/Air  ##......     17%         3    ##.....


Dungeon Overview and Level Annotations

Branches:
Dungeon (2/15)

Altars:


Message History

You struggle against the net.
The gnoll moves out of view.
You struggle against the net.
You tear a large gash into the net.
You rip the net and break free!
The gnoll hits you with a whip.
Casting: Magic Dart
Confirm with . or Enter, or press ? or * to list all spells.
Aiming: Magic Dart
Press: ? - help, Shift-Dir - straight line, f - gnoll
Aim: a gnoll, wielding a whip The magic dart hits the gnoll.
The gnoll hits you with a whip.
Casting: Magic Dart
Confirm with . or Enter, or press ? or * to list all spells.
Aiming: Magic Dart
Press: ? - help, Shift-Dir - straight line, f/p - gnoll
Aim: a gnoll, wielding a whip The magic dart hits the gnoll.
The gnoll is heavily wounded.
The gnoll hits you with a whip!
Ouch! That really hurt!
You die...

.# #.# .# .# .... #.#
#.# ## .... ###.###.###
# ... ###>......... #
#.. #.......#.### # ..
#.#.....#.# # #.
#.#.###.#.# #
#.#######..## ##..####
# #...g@.....# #.....#
# #########..##
##..##.# # #.#.###.###
# # #.#.....# #
###.#.###.### ###
#...#........ ..#
#..........## #.#
#......†...# #.#
#############.##.####.#


You could see a gnoll.

Vanquished Creatures
  A gnoll (D:1)
  2 adders (D:2)
  2 worms (D:2)
  A ball python (D:2)
  A giant cockroach (D:2)
  5 hobgoblins
  A jackal (D:1)
  5 bats
  4 frilled lizards
  2 goblins
  8 kobolds
  2 rats
34 creatures vanquished.

Notes
Turn   | Place    | Note
-------+----------+-------------------------------------------
     0 | D:1      | pk666 the Deep Elf Wizard began the quest for the Orb.
     0 | D:1      | Reached XP level 1. HP: 10/10 MP: 7/7
   405 | D:1      | Reached XP level 2. HP: 15/15 MP: 6/9
   562 | D:1      | Reached skill level 1 in Short Blades
   922 | D:2      | Reached XP level 3. HP: 19/19 MP: 6/11
   989 | D:2      | Learned a level 2 spell: Blink
   993 | D:2      | Learned a level 3 spell: Mephitic Cloud
   997 | D:2      | Learned a level 3 spell: Conjure Flame
  1181 | D:2      | Reached skill level 5 in Spellcasting
  1756 | D:2      | Reached skill level 1 in Air Magic
  1884 | D:2      | Slain by a gnoll

Skill      XL: |  1  2  3 |
---------------+----------+-----
Short Blades   | 1 |  1.2
Dodging        | 3 |  3.1
Spellcasting   | 5 |  5.0
Conjurations   | 2 |  2.0
Air Magic      | 1 |  1.0
Stealth        | |  2.4
Summonings     | |  1.1
Translocations | |  1.1
Fire Magic     | |  0.5
Poison Magic   | |  0.5

Action                   || total
-------------------------++-------
Melee: Dagger            ||     9
 Cast: Magic Dart        ||    94
  Eat: Chunk             ||     3
Armor: Robe              ||     2
Dodge: Dodged            ||    11
